 Dungeon Crawl Stone Soup version 0.29.1-12-g30fa7ad0bf (webtiles) character file.

Game seed: 6982318123759071408

23145 Descartes the Blocker (level 13, -1/108 HPs)
             Began as a Formicid Fighter on Jan 16, 2023.
             Was an Initiate of Gozag.
             Slain by an orc warlord
             ... wielding a +3 vorpal great mace
              (7 damage)
             ... on level 1 of the Orcish Mines on Jan 17, 2023.
             The game lasted 00:51:47 (23438 turns).

Descartes the Blocker (Formicid Fighter)           Turns: 23438, Time: 00:51:47

Health: -1/108     AC: 15    Str: 25    XL:     13   Next: 33%
Magic:  13/13      EV: 12    Int:  9    God:    Gozag
Gold:   1971       SH: 13    Dex: 13    Spells: 12/12 levels left

rFire   + . .      SeeInvis +   b - +4 hand axe (freeze)
rCold   + . .      Faith    .   W - +0 kite shield
rNeg    . . .      Spirit   .   Q - +0 chain mail {rC+}
rPois   .          Reflect  .   (helmet unavailable)
rElec   .          Harm     .   (no cloak)
rCorr   .          Rampage  .   P - +1 pair of gloves {hurl}
Will    +....                   (no boots)
Stlth   ..........              o - amulet of the acrobat
HPRegen 0.28/turn               f - +4 ring of evasion
MPRegen 0.13/turn               V - ring of protection from fire

@: invisible
A: permanent stasis, dig shafts and tunnels, antennae 3, four strong arms
a: Dig, Shaft Self, Renounce Religion, Potion Petition, Call Merchant, Bribe
Branch


You were on level 1 of the Orcish Mines.
You worshipped Gozag.
Gozag was most pleased with you.
You visited 4 branches of the dungeon, and saw 15 of its levels.

You collected 4203 gold pieces.
You spent 240 gold pieces at shops.
You paid 1992 gold pieces to Gozag.

Inventory:

Hand Weapons
 a - the +9 arbalest of the Fool {elec, rCorr}
   (You found it on level 10 of the Dungeon)

   Any ammunition fired from it occasionally discharges a powerful burst of
   electricity upon striking a foe.
   rCorr:     It protects you from acid and corrosion.
 b - a +4 hand axe of freezing (weapon)
 D - a +2 flail of holy wrath
 K - a +3 dire flail
 R - a +0 battleaxe
 S - a +4 halberd
 Y - a +0 war axe
Missiles
 d - 3 curare-tipped darts
 m - 3 throwing nets
 E - 34 poisoned darts
Armour
 P - a +1 pair of gloves of hurling (worn)
 Q - a +0 chain mail of cold resistance (worn)
 W - a +0 kite shield (worn)
Jewellery
 f - a +4 ring of evasion (left hand)
 o - an amulet of the acrobat (around neck)
 t - a +6 ring of strength
 B - a ring of protection from cold
 C - a ring of poison resistance
 N - the ring of Jefoohaq {Fly Will- Str+3 Int+6}
   (You found it on level 7 of the Dungeon)

   [ring of intelligence]

   Str:       It affects your strength (+3).
   Int:       It affects your intelligence (+6).
   Fly:       It grants you flight.
   Will:      It decreases your willpower.
 T - a ring of willpower
 V - a ring of protection from fire (right hand)
Wands
 F - a wand of polymorph (9)
 H - a wand of roots (14)
 M - a wand of charming (19)
 X - a wand of flame (1)
Scrolls
 c - a scroll of torment {unknown}
 g - 2 scrolls of fog {unknown}
 h - 2 scrolls of poison {unknown}
 j - 7 scrolls of enchant weapon
 k - 8 scrolls of teleportation {unknown}
 l - 4 scrolls of enchant armour {unknown}
 n - a scroll of amnesia {unknown}
 q - a scroll of brand weapon {unknown}
 r - 5 scrolls of vulnerability
 y - 2 scrolls of magic mapping {unknown}
 z - 2 scrolls of fear {unknown}
 A - a scroll of acquirement {unknown}
 J - a scroll of silence {unknown}
 U - a scroll of noise {unknown}
Potions
 p - a potion of magic
 s - 3 potions of mutation
 u - 4 potions of curing
 v - 2 potions of brilliance
 w - 2 potions of heal wounds
 x - a potion of cancellation
 G - 4 potions of lignification
 I - 2 potions of invisibility
 O - 2 potions of flight


   Skills:
 + Level 12.3 Fighting
 + Level 11.1 Axes
 + Level 12.3 Armour
 + Level 14.5 Shields


You had 12 spell levels left.
You didn't know any spells.
Your spell library contained the following spells:

 Spells                   Type           Power      Damage    Failure   Level
 Apportation              Tloc           0%         N/A       96%         1
 Foxfire                  Conj/Fire      0%         2x1d4     96%         1
 Magic Dart               Conj           0%         1d3       96%         1
 Necrotise                Necr           0%         1d4       96%         1
 Summon Small Mammal      Summ           0%         N/A       96%         1
 Searing Ray              Conj           0%         2d4       99%         2
 Call Canine Familiar     Summ           0%         N/A       100%        3
 Conjure Flame            Conj/Fire      0%         6-21      100%        3
 Gell's Gravitas          Tloc           0%         N/A       100%        3
 Ignite Poison            Fire/Tmut/Pois 0%         N/A       100%        3
 Inner Flame              Hex/Fire       0%         N/A       100%        3
 Lesser Beckoning         Tloc           0%         N/A       100%        3
 Mephitic Cloud           Conj/Pois/Air  0%         N/A       100%        3
 Summon Guardian Golem    Hex/Summ       0%         N/A       100%        3
 Teleport Other           Tloc           0%         N/A       100%        3
 Flame Wave               Conj/Fire      0%         2d4       100%        4
 Fulminant Prism          Conj/Hex       0%         3d6       100%        4
 Freezing Cloud           Conj/Ice/Air   0%         6-21      100%        5
 Malign Gateway           Summ/Tloc      0%         N/A       100%        7
 Summon Horrible Things   Summ           0%         N/A       100%        8


Dungeon Overview and Level Annotations

Branches:
Dungeon (10/15)            Temple (1/1) D:4            Lair (2/5) D:10
    Orc (2/2) D:10
  Swamp: Lair:2-3    Shoals: Lair:2-3     Snake: Lair:2-3    Spider: Lair:2-3
    Elf: Orc:2

Altars:
Ashenzari
Cheibriados
Dithmenos
Elyvilon
Fedhas
Gozag
Hepliaklqana
Kikubaaqudgha
Makhleb
Nemelex Xobeh
Okawaru
Qazlal
Ru
Sif Muna
Trog
Uskayaw
Vehumet
Wu Jian
Xom
Yredelemnul
Zin
The Shining One
Jiyva

Shops:
D:1 ?[=   D:4 *   D:8 [

Annotations:
D:8 exclusion: ice statue
Lair:2 3 runed translucent doors, ababab's ghost, journeyman FeEn


Innate Abilities, Weirdness & Mutations

You cannot be hasted, slowed, berserked, paralysed or teleported.
You can dig through walls and to a lower floor.
You have a pair of large antennae on your head. (SInv)
Your four strong arms can wield two-handed weapons with a shield.


Message History

Items here: ))) [.
You hit the orc warlord but do no damage.
You block the orc warlord's attack.
You hit the orc warlord. You freeze the orc warlord.
The orc warlord is lightly wounded.
The orc warlord hits you with a +3 vorpal great mace!!
You are too injured to fight recklessly!
You are too injured to fight recklessly!
You hit the orc warlord but do no damage.
The orc warlord is lightly wounded.
You hit the orc warlord. You freeze the orc warlord.
The orc warlord is lightly wounded.
You block the orc warlord's attack.
Unknown command.
You hit the orc warlord. You freeze the orc warlord.
The orc warlord is lightly wounded.
The orc warlord misses you.
You hit the orc warlord but do no damage.
The orc warlord is lightly wounded.
You block the orc warlord's attack.
Unknown command.
You hit the orc warlord. You freeze the orc warlord.
The orc warlord is lightly wounded.
The orc warlord hits you but does no damage.
You strike the helpless orc warlord from behind!
You hit the orc warlord but do no damage.
The orc warlord is lightly wounded.
Unknown command.
You hit the orc warlord but do no damage.
The orc warlord is lightly wounded.
The orc warlord hits you with a +3 vorpal great mace!
* * * LOW HITPOINT WARNING * * *
You barely miss the orc warlord.
The orc warlord is lightly wounded.
You hit the orc warlord but do no damage.
The orc warlord is lightly wounded.
The orc warlord hits you with a +3 vorpal great mace!!
* * * LOW HITPOINT WARNING * * *
You die...
Your body crumbles into a pile of gold.

# ##.#...........# #
#..............### #
##.#......#....#.# ##
##.#........#.....# .#
#...........##....# .###
##..........#.....# .#.###
###.....)[##...#.# .....##
###....>#....#.# ......#
#....@o...#### ......##
###.......# .#'##..##
###......## ##.##...#
#.##....).# ##..##.##
###.........#
###..######..........#####
.###.....#.......##......##
.# ##.#..........#........#
#####.###.#....##.........#


You could see an orc warlord (unable to see you).

Vanquished Creatures
  A boulder beetle (D:9)
  A two-headed ogre (D:9)
  A death yak (Lair:1)
  An orc high priest (Orc:1)
  Sonja (D:10)
  An oklob plant (Orc:1)
  An orc knight (D:10)
  4 orc sorcerers
  A cyclops (Orc:1)
  2 torpor snails (Lair:1)
  4 cane toads
  3 komodo dragons (Lair:1)
  3 trolls
  Prince Ribbit (D:8)
  4 blink frogs (Lair:1)
  28 yaks
  A wraith (D:10)
  A wyvern (Lair:1)
  2 basilisks
  A steam dragon (D:9)
  2 acid dragons (D:10)
  5 wargs
  Duvessa (D:6)
  A water moccasin (Lair:1)
  A swamp drake (D:10)
  22 orc warriors
  3 ice beasts
  4 black bears
  5 ogres
  5 centaurs
  A phantom (D:6)
  3 kobold brigands
  4 bullfrogs
  A necrophage (D:6)
  A gnoll sergeant (D:9)
  2 scorpions (D:5)
  8 wights
  Dowan (D:6)
  5 howler monkeys
  A crimson imp (D:6)
  A jelly (D:7)
  A hound (D:3)
  A gnoll bouda (D:10)
  28 orc priests
  5 iguanas
  38 orc wizards
  4 hell rats (Lair:1)
  17 gnolls
  8 adders
  5 river rats (Lair:1)
  A shadow imp (D:7)
  3 white imps
  2 ufetubi
  4 worms
  2 dart slugs
  87 orcs
  3 endoplasms
  6 giant cockroaches
  6 goblins
  7 hobgoblins
  2 jackals (D:3)
  3 quokkas
  13 ball pythons
  3 bats
  A frilled lizard (D:3)
  26 kobolds
  10 rats
425 creatures vanquished.

Vanquished Creatures (others)
  2 orc wizards (Orc:2)
  An orc (Orc:2)
  5 fungi (Lair:2)
  24 plants
32 creatures vanquished.

Grand Total: 457 creatures vanquished

Notes
Turn   | Place    | Note
-------+----------+-------------------------------------------
     0 | D:1      | Descartes the Formicid Fighter began the quest for the Orb.
     0 | D:1      | Reached XP level 1. HP: 18/18 MP: 1/1
   259 | D:1      | Reached XP level 2. HP: 22/24 MP: 2/2
   409 | D:1      | Found Hoomaoqeiff's Jewellery Shop.
   471 | D:1      | Found Usteh's Antique Armour Shoppe.
   535 | D:1      | Found Ylashrit's Magic Scroll Boutique.
   750 | D:2      | Reached XP level 3. HP: 29/29 MP: 3/3
  1166 | D:2      | Reached XP level 4. HP: 37/37 MP: 4/4
  1608 | D:2      | Reached XP level 5. HP: 42/42 MP: 5/5
  1860 | D:3      | Reached skill level 5 in Shields
  2089 | D:3      | Reached XP level 6. HP: 49/49 MP: 6/6
  2101 | D:3      | Found a faded altar of an unknown god.
  2705 | D:4      | Found a staircase to the Ecumenical Temple.
  2803 | Temple   | Entered the Ecumenical Temple
  3015 | Temple   | Became a worshipper of Gozag Ym Sagoz the Greedy
  3150 | D:4      | Noticed a black bear
  3155 | D:4      | Killed a black bear
  3156 | D:4      | Reached XP level 7. HP: 41/55 MP: 7/7
  3329 | D:4      | Found Otzok's Fire Supplies.
  3548 | D:4      | Reached skill level 6 in Shields
  3551 | D:4      | Reached skill level 5 in Fighting
  3551 | D:4      | Reached skill level 5 in Armour
  3666 | D:4      | Found a white marble altar of Elyvilon.
  3809 | D:5      | Entered Level 5 of the Dungeon
  4307 | D:5      | Reached XP level 8. HP: 58/63 MP: 8/8
  4567 | D:5      | Reached skill level 7 in Shields
  5168 | D:6      | Reached skill level 5 in Axes
  5597 | D:5      | HP: 3/65 [orc warrior/+0 mace (13)]
  5599 | D:5      | Reached XP level 9. HP: 3/71 MP: 9/9
  5949 | D:6      | Noticed Duvessa
  5955 | D:6      | Noticed Dowan
  6160 | D:6      | Killed Duvessa
  6161 | D:6      | Reached skill level 8 in Shields
  6205 | D:6      | Killed Dowan
  6637 | D:6      | Found a hide-covered altar of Uskayaw.
  6955 | D:7      | Identified the ring of Jefoohaq {Fly Will- Str+3 Int+6}
  7209 | D:7      | Reached skill level 9 in Shields
  7415 | D:7      | Found a glowing silver altar of Zin.
  7415 | D:7      | Found a shadowy altar of Dithmenos.
  7508 | D:7      | Reached XP level 10. HP: 63/80 MP: 10/10
  7665 | D:1      | Bought a pair of glowing gloves for 120 gold pieces
  7675 | D:1      | Bought a runed chain mail for 120 gold pieces
  7867 | D:7      | Reached skill level 10 in Shields
  8473 | D:8      | Found Garuir's Armour Emporium.
  8543 | D:8      | Found a shimmering blue altar of Sif Muna.
  8586 | D:8      | Found a sacrificial altar of Ru.
  9489 | D:8      | Noticed Prince Ribbit
  9500 | D:8      | Killed Prince Ribbit
 10020 | D:8      | Noticed an ice statue
 11045 | D:8      | Reached skill level 11 in Shields
 11045 | D:8      | Reached XP level 11. HP: 66/89 MP: 11/11
 11443 | D:9      | Noticed a boulder beetle
 11555 | D:9      | Killed a boulder beetle
 11875 | D:9      | Noticed a two-headed ogre
 11900 | D:9      | Killed a two-headed ogre
 12824 | D:9      | Reached skill level 10 in Fighting
 12824 | D:9      | Reached skill level 10 in Armour
 13162 | D:10     | Entered Level 10 of the Dungeon
 13214 | D:10     | Identified the +9 arbalest of the Fool {elec, rCorr}
 13240 | D:10     | Found a broken altar of Ashenzari.
 13267 | D:10     | Found a staircase to the Lair.
 14066 | D:10     | Found a staircase to the Orcish Mines.
 14088 | D:10     | Reached skill level 12 in Shields
 14285 | D:10     | Noticed Sonja
 14297 | D:10     | Killed Sonja
 15421 | Lair:1   | Entered Level 1 of the Lair of Beasts
 15498 | Lair:1   | Reached XP level 12. HP: 60/99 MP: 12/12
 16429 | Lair:1   | Reached skill level 13 in Shields
 17196 | Lair:1   | Reached skill level 10 in Axes
 17485 | Lair:1   | Noticed a death yak
 17502 | Lair:1   | Killed a death yak
 17708 | Lair:1   | Noticed a five-headed hydra
 17721 | Lair:1   | HP: 5/100 [nine-headed hydra (3)]
 17722 | Lair:1   | You fall into a shaft and drop 1 floor!
 18099 | Lair:2   | Found a runed translucent gate.
 18099 | Lair:2   | Found a runed translucent gate.
 18099 | Lair:2   | Found a runed translucent gate.
 18104 | Lair:2   | Noticed ababab's ghost (journeyman FeEn)
 18111 | Lair:2   | Found a viscous altar of Jiyva.
 18218 | Orc:1    | Entered Level 1 of the Orcish Mines
 20279 | Orc:2    | Entered Level 2 of the Orcish Mines
 20324 | Orc:2    | Noticed an orc warlord
 20411 | Orc:1    | Reached XP level 13. HP: 89/107 MP: 13/13
 20942 | Orc:1    | Reached skill level 14 in Shields
 23438 | Orc:1    | Slain by an orc warlord

Illustrated notes

Levels and vault maps discovered:
D:1:      dpeg_chamrin_arrival_tetris, layout_basic, serial_shops,
          nicolae_lakefront_shop, nicolae_shop_hallway_stairs, shop,
          roderic_lattice_a
D:2:      layout_rooms, minmay_tromino_i4
D:3:      layout_loops_ring, ebering_ecumenical_altar_rust, serial_glass,
          glass_columns_b, glass_columns_a, minmay_strange_pillars,
          item_on_display_a, feat_on_display, nrook_uturn
D:4:      layout_basic, kennysheep_mini, minmay_temple_entry_fiery,
          st_stairs_10, nicolae_shop_fire_sale [nicolae_sub_dead_trees]
D:5:      layout_basic
D:6:      layout_basic, mainiacjoe_overflow_brackets, minmay_fire_ice_demons,
          uniq_duvessa
D:7:      layout_basic, mainiacjoe_overflow_large_starburst
D:8:      lemuel_ice_statue, layout_gridville, mainiacjoe_overflow_alcove_1,
          nicolae_ru_the_path_less_chosen, nicolae_stop_n_shop_2,
          uniq_prince_ribbit1
D:9:      layout_rooms
D:10:     layout_long_grid, mainiacjoe_overflow_cross_hatched,
          erik_lair_orcish_takeover, erik_orc_1,
          hangedman_abyss_or_decor_jellyfish_corner, st_stairs_5, uniq_sonja
Temple:   nicolae_temple_bog_church
Lair:1:   layout_long_grid, st_stairs_8, chequers_serial_rivers_micro_b,
          kennysheep_abandoned_house, serial_bayou_shore_b, serial_bayou_shore_a
Lair:2:   layout_long_grid, gammafunk_ghost_ooze, grunt_forest_stairs_basic,
          grunt_megastairs_1
Orc:1:    layout_diamond_mine, mines3_lemuel
Orc:2:    st_orc_mages, layout_caves, special_room

Skill      XL: |  1  2  3  4  5  6  7  8  9 10 11 12 13 |
---------------+----------------------------------------+-----
Fighting       | 4 5 6 7 9 10 11 12 | 12.3
Armour         | 4 5 6 7 9 10 11 12 | 12.3
Axes           | 3 4 5 6 8 9 10 11 | 11.1
Shields        | 5 6 7 9 11 12 13 14 | 14.5

Action                   |  1- 3 |  4- 6 |  7- 9 | 10-12 | 13-15 || total
-------------------------+-------+-------+-------+-------+-------++-------
Melee: War axe           |    75 |   118 |   272 |       |       ||   465
       Hand axe          |       |       |    23 |   777 |   183 ||   983
       Halberd           |       |       |       |    29 |       ||    29
       Battleaxe         |       |       |       |     8 |       ||     8
 Fire: Arbalest          |       |       |       |   109 |    57 ||   166
Invok: Potion Petition   |       |       |       |     5 |       ||     5
 Abil: Dig               |       |       |       |     7 |       ||     7
       Shaft Self        |       |       |       |     1 |       ||     1
Evoke: Wand              |       |       |       |     2 |       ||     2
  Use: Potion            |     1 |       |     1 |     6 |     1 ||     9
       Scroll            |       |       |       |       |    10 ||    10
 Stab: Distracted        |       |       |       |     2 |       ||     2
       Invisible         |       |       |       |     3 |     1 ||     4
Armor: Scale mail        |    34 |       |       |       |       ||    34
       Chain mail        |     6 |    43 |    67 |   207 |    37 ||   360
       Plate armour      |       |       |    46 |     5 |       ||    51
       Skin              |       |       |       |     6 |       ||     6
Dodge: Dodged            |    42 |    89 |   150 |   377 |    70 ||   728
Block: Buckler           |    22 |    34 |    81 |   107 |       ||   244
       Kite shield       |       |       |       |   265 |   105 ||   370
